Map: Pylon LE

Players

TrickPony

  • Race: Zerg Zerg
  • League: Diamond
  • Spawn Location: 5:00

KimChiLoVer - Winner!

  • Race: Terran Terran
  • Spawn Location: 11:00

VOD

Have the link to the VOD?

Description

Time

  • Played on: Aug. 8, 2025, 10:22 p.m.
  • Length: 17:09
Show
View Real Time Build Order
Export as new Build Order

TrickPony Zerg 

Build Orders: 1 Base Baneling Bust, Pool First, Lurkers 

Get SALT Encoding   

  12  0:16  Drone  
  14  0:21  Drone  
  14  0:32  Spawning Pool  
  14  0:33  Drone  
  14  0:39  Extractor  
  14  0:40  Drone  
  14  0:45  Overlord  
  14  1:10  Drone  
  15  1:19  Zergling x4  
  15  1:20  Queen  
  15  1:22  Zergling x2  
  20  1:33  Zergling x2  
  21  1:41  Metabolic Boost  
  21  1:51  Overlord  
  21  2:00  Zergling x2  
  21  2:29  Zergling x4  
  23  2:30  Zergling x8  
  26  2:42  Baneling Nest  
  26  2:44  Zergling x2  
  26  2:57  Hatchery  
  24  2:59  Lair  
  24  3:23  Drone x4  
  24  3:24  Drone  
  29  3:31  Extractor  
  28  3:42  Drone  
  28  3:43  Drone  
  29  3:53  Overlord  
  29  4:00  Hydralisk Den  
  28  4:08  Drone  
  29  4:15  Baneling x2  
  29  4:16  Baneling  
  30  4:17  Drone x2  
  30  4:23  Queen  
  33  4:30  Burrow  
  33  4:39  Drone  
  33  4:40  Drone  
  35  4:51  Spore Crawler, Drone x2  
  36  5:00  Spore Crawler, Drone  
  36  5:03  Drone  
  37  5:13  Drone x3  
  40  5:22  Drone  
  40  5:25  Nydus Network  
  40  5:26  Drone  
  41  5:35  Drone x2  
  43  5:39  Overlord  
  43  5:42  Overlord  
  43  6:16  Drone  
  43  6:17  Drone x5  
  49  6:20  Queen  
  49  6:22  Grooved Spines  
  49  6:25  Hydralisk, Lurker Den  
  51  6:30  Hydralisk x2  
  56  6:36  Extractor  
  56  6:38  Extractor  
  54  6:43  Drone x2  
  56  6:57  Pneumatized Carapace, Hatchery  
  53  7:22  Zergling x12  
  50  7:23  Zergling x2  
  36  7:31  Zergling x2  
  36  7:33  Zergling x2  
  36  7:34  Zergling x4  
  35  7:47  Drone x4  
  39  7:51  Queen x2  
  43  7:59  Centrifugal Hooks  
  43  8:03  Hydralisk x2  
  43  8:04  Infestation Pit  
  46  8:07  Drone  
  46  8:08  Drone  
  48  8:21  Spore Crawler  
  48  8:24  Drone  
  48  8:25  Drone x6  
  54  8:42  Drone x5  
  59  8:50  Hive  
  59  8:56  Evolution Chamber  
  58  9:04  Drone x5  
  58  9:05  Drone  
  64  9:22  Overlord x4  
  64  9:32  Hydralisk  
  64  9:33  Evolution Chamber  
  65  9:39  Spore Crawler  
  65  9:42  Drone x5  
  65  9:43  Drone x2  
  71  10:05  Adaptive Talons  
  71  10:08  Zerg Missile Weapons Level 1  
  71  10:10  Hatchery  
  71  10:11  Overlord x2  
  71  10:14  Hydralisk x3  
  70  10:17  Lurker x2  
  78  10:23  Overseer  
  78  10:28  Drone x3  
  80  10:29  Hydralisk, Evolution Chamber  
  68  10:58  Overlord x3  
  68  11:02  Zerg Ground Armor Level 1  
  66  11:04  Seismic Spines  
  66  11:18  Hydralisk x2  
  66  11:19  Hydralisk x2  
  66  11:25  Drone x4  
  77  11:26  Drone x4  
  77  11:32  Muscular Augments  
  79  11:47  Hydralisk x5  
  85  11:56  Drone x9  
  85  11:59  Hydralisk x3  
  87  12:06  Hydralisk x2  
  91  12:11  Spore Crawler  
  91  12:13  Hydralisk  
  90  12:20  Spire  
  88  12:28  Drone x3  
  88  12:29  Drone x2  
  93  12:32  Extractor  
  93  12:36  Extractor  
  91  12:50  Zerg Melee Weapons Level 1  
  91  12:53  Neural Parasite  
  91  12:54  Drone x2  
  91  12:55  Drone x6, Zerg Missile Weapons Level 2  
  97  13:20  Drone x2  
  97  13:22  Spore Crawler  
  97  13:23  Spore Crawler, Drone x6  
  97  13:25  Spore Crawler  
  102  13:36  Corruptor x4  
  110  13:42  Drone  
  110  13:59  Lurker x3  
  110  14:00  Hatchery  
  112  14:04  Overlord x4  
  112  14:09  Greater Spire  
  112  14:16  Nydus Canal  
  112  14:25  Overlord x2  
  112  14:27  Drone x4  
  112  14:28  Drone x3  
  105  15:00  Hydralisk  
  105  15:01  Hydralisk x7  
  105  15:02  Hydralisk  
  118  15:09  Drone  
  119  15:24  Hydralisk x4  
  119  15:28  Spore Crawler  
  126  15:33  Spore Crawler  
  126  15:34  Spore Crawler x2  
  103  15:43  Lurker  
  103  15:45  Lurker x4  
  103  15:47  Hydralisk x5  
  110  15:50  Zergling x18  
  110  15:56  Lurker  
  111  15:57  Lurker  
  80  16:17  Lurker  
  80  16:18  Lurker x2  
  64  16:29  Zergling x2  
  64  16:30  Zergling x2  
  62  16:43  Drone x9  
  57  16:50  Zergling x4  
  57  16:51  Zergling x8  
Show
View Real Time Build Order
Export as new Build Order

KimChiLoVer Terran - Winner!

Build Orders: Reaper Expand 

Get SALT Encoding   

  12  0:00  SCV  
  13  0:12  SCV  
  14  0:17  Supply Depot  
  14  0:24  SCV  
  15  0:39  SCV  
  15  0:40  Barracks  
  16  0:47  Refinery  
  16  0:51  SCV  
  17  1:03  SCV  
  18  1:26  SCV  
  19  1:33  Reaper  
  19  1:37  Command Center  
  19  1:39  Orbital Command  
  20  1:53  Supply Depot  
  20  2:04  Marine  
  20  2:06  SCV  
  21  2:20  Factory  
  21  2:22  Marine  
  21  2:40  Command Center, Marine  
  22  2:48  SCV  
  22  2:49  Refinery  
  23  2:54  Barracks  
  23  2:57  Barracks  
  23  3:05  Barracks Reactor  
  23  3:14  Hellion  
  25  3:25  Supply Depot  
  25  3:30  Bunker  
  25  3:36  SCV  
  27  3:48  SCV  
  27  3:53  Orbital Command  
  25  3:56  Barracks Tech Lab x2  
  25  3:58  Widow Mine  
  25  4:00  Marine x2, SCV  
  30  4:16  Stimpack  
  29  4:18  Combat Shield  
  29  4:21  Marauder x2  
  33  4:27  Marine x2  
  35  4:39  SCV  
  35  4:40  Factory Reactor  
  36  4:48  Marine  
  36  4:49  Marine  
  36  4:51  SCV  
  39  4:54  SCV  
  39  4:55  Starport  
  40  5:00  Marine x2  
  40  5:06  Marine x2, SCV  
  45  5:15  Supply Depot  
  45  5:17  Marine  
  45  5:18  Supply Depot  
  46  5:26  Marine x2  
  48  5:29  Factory Tech Lab  
  48  5:38  Supply Depot  
  48  5:40  Marine x2  
  50  5:43  Medivac  
  50  5:44  Medivac  
  50  5:48  Supply Depot  
  50  5:49  Siege Tank  
  57  5:59  Concussive Shells  
  57  6:01  Marine, Marauder x2  
  62  6:08  SCV  
  63  6:15  Engineering Bay  
  63  6:31  Marine x4  
  67  6:33  Liberator  
  67  6:35  Medivac, Orbital Command  
  72  6:49  Supply Depot, Marine  
  73  7:12  Bunker  
  62  7:26  Marine  
  62  7:28  SCV  
  64  7:40  Marine, SCV  
  60  7:44  Marine  
  59  7:52  SCV  
  59  7:54  SCV  
  59  7:55  Medivac x2  
  59  7:56  Marine  
  59  7:57  Marine  
  59  7:58  Marine  
  68  8:02  Marine  
  69  8:06  Terran Infantry Weapons Level 1, Command Center, SCV  
  69  8:07  Barracks  
  69  8:12  Starport  
  70  8:14  Marine x2  
  70  8:15  Marine  
  70  8:18  SCV  
  74  8:20  Marine  
  75  8:30  SCV  
  75  8:32  Marine x2  
  75  8:33  Marine  
  79  8:37  Marine  
  80  8:42  SCV  
  80  8:43  Refinery  
  80  8:45  Refinery  
  80  8:46  Supply Depot  
  81  8:50  Engineering Bay, Marine, Supply Depot  
  81  8:54  SCV  
  83  8:57  Fusion Core  
  83  9:06  Starport Tech Lab, SCV  
  84  9:10  Marine  
  84  9:11  Marine x4  
  89  9:18  SCV  
  90  9:28  Marine x2  
  90  9:29  Marine  
  90  9:31  SCV  
  94  9:33  Orbital Command  
  94  9:37  Siege Tank  
  94  9:38  Medivac  
  99  9:43  SCV  
  100  9:51  Battlecruiser  
  106  9:59  Marine x3  
  110  10:02  Barracks Reactor  
  110  10:03  Terran Infantry Armor Level 1  
  109  10:09  Siege Tank  
  109  10:12  Liberator  
  115  10:22  Marine x4  
  119  10:40  Marine x3  
  107  11:09  Marine x5  
  107  11:10  Marine  
  116  11:11  Siege Tank  
  114  11:27  Marine x6  
  120  11:41  Battlecruiser  
  120  11:43  Siege Tank  
  129  11:49  Marine x6  
  135  12:06  Marine x2  
  135  12:07  Marine x4  
  141  12:30  Barracks  
  141  12:31  Barracks  
  141  12:38  Barracks  
  141  12:39  Barracks  
  141  12:47  Armory  
  141  12:56  Command Center  
  141  13:15  Marine x6  
  141  13:22  Barracks Tech Lab x2  
  141  13:31  Supply Depot  
  141  13:33  Supply Depot  
  141  13:38  Marine x6, Raven  
  149  13:55  Marine  
  149  13:58  Terran Infantry Weapons Level 2  
  149  13:59  Terran Infantry Armor Level 2  
  150  14:08  Marine x3, Marauder x2  
  157  14:12  Marauder  
  157  14:13  Marine  
  160  14:20  Missile Turret  
  160  14:25  Marauder  
  160  14:26  Marine  
  160  14:27  Orbital Command  
  163  14:37  Marine, Marauder x2  
  130  15:15  SCV  
  130  15:16  Marine, Marauder x2  
  130  15:17  Marauder  
  138  15:27  SCV  
  131  15:39  SCV  
  127  15:51  SCV  
  128  16:03  SCV  
  123  16:12  Marine  
  123  16:13  Marine x7  
  130  16:21  Orbital Command  
  130  16:30  Marine  
  130  16:31  Marine x7  
  125  16:48  Marine  
  125  16:49  Marine x7  
Tags
 
Add a new tag
Caveats
  • Supply blocks, unpowered buildings, or Contaminate may cause inaccurate times.
  • Supply counts are checked every 10 seconds.